 Dungeon Crawl Stone Soup version 0.31-a0-230-g09eb5fc4d3 (webtiles) character file.

Game seed: 9868374834026070665

43 qw the Shooter (level 3, -1/29 HPs)
             Began as a Minotaur Hexslinger on July 6, 2023.
             Slain by Jessica
             ... wielding a +2 dagger of freezing
              (6 damage)
             ... on level 2 of the Dungeon.
             The game lasted 00:00:26 (976 turns).

qw the Shooter (Minotaur Hexslinger)                 Turns: 976, Time: 00:00:27

Health: -1/29      AC:  5    Str: 12    XL:     3   Next: 37%
Magic:  3/3        EV: 11    Int: 10    God:
Gold:   58         SH:  0    Dex: 14    Spells: 3/4 levels left

rFire   . . .        Y - +1 sling
rCold   . . .        (no shield)
rNeg    . . .        d - +0 ring mail
rPois   .            (helmet restricted)
rElec   .            (no cloak)
rCorr   .            (no gloves)
SInv    .            (no boots)
Will    .....        (no amulet)
Stlth   +            (no ring)
HPRegen 0.24/turn    (no ring)
MPRegen 0.08/turn

%: no passive effects
@: no status effects
A: horns 2, retaliatory headbutt
a: no special abilities


You were on level 2 of the Dungeon.
You visited 1 branch of the dungeon, and saw 2 of its levels.

You collected 58 gold pieces.


Innate Abilities, Weirdness & Mutations

You have a pair of horns on your head.
You reflexively headbutt those who attack you in melee.


   Skills:
 - Level 2.0 Fighting
 + Level 3.9 Ranged Weapons
 - Level 2.1 Dodging
 - Level 1.0 Spellcasting
 - Level 2.0 Hexes


You had 3 spell levels left.
You knew the following spells:

 Your Spells              Type           Power      Damage    Failure   Level
a - Slow                  Hex            16%        N/A       34%         1

Your spell library contained the following spells:

 Spells                   Type           Power      Damage    Failure   Level
 Inner Flame              Hex/Fire       2%         N/A       83%         3
 Portal Projectile        Hex/Tloc       4%         N/A       83%         3
 Cause Fear               Hex            2%         N/A       98%         4

Inventory:

Hand Weapons
 Y - a +1 sling (weapon)
Armour
 d - a +0 ring mail (worn)
Potions
 a - a potion of enlightenment {unknown}
 b - a potion of degeneration {unknown}
 g - a potion of berserk rage {unknown}

Dungeon Overview and Level Annotations

Branches:
Dungeon (2/15)

Altars:

Annotations:
D:2 Jessica


Message History

HP restored.
Done exploring.
(D) Dungeon
Where to? (* - list waypoints, Enter - D:2, ? - help)
What level of the Dungeon? (default 1, ? - help)
You climb downwards.
Level annotation: Jessica Jessica mumbles some strange words.
Jessica seems to speed up.
There is a stone staircase leading up here.
Jessica is nearby!
You shoot a sling bullet.
The sling bullet closely misses Jessica.
Jessica casts a spell.
Jessica blinks!
Jessica is nearby!
You shoot a sling bullet. The sling bullet hits Jessica.
Jessica is lightly wounded.
Jessica hits you with a +2 dagger of freezing!
Jessica freezes you.
You shoot a sling bullet. The sling bullet barely misses Jessica.
Jessica hits you but does no damage. Jessica barely misses you.
You shoot a sling bullet. The sling bullet hits Jessica.
Jessica is moderately wounded.
Jessica hits you with a +2 dagger of freezing.
Jessica freezes you.
Jessica hits you with a +2 dagger of freezing.
Jessica freezes you.
You shoot a sling bullet. The sling bullet hits Jessica.
Jessica is heavily wounded.
Jessica shouts, "Stop bothering me, or I'll kill you!"
Jessica closely misses you. You furiously retaliate!
You headbutt Jessica.
Jessica hits you with a +2 dagger of freezing.
Jessica freezes you.
You shoot a sling bullet.
The sling bullet completely misses Jessica.
Jessica hits you with a +2 dagger of freezing.
Jessica freezes you.
Jessica hits you with a +2 dagger of freezing.
You die...

##...#)## #.# #.#
##.#.....## #.# #.#
#.##......# #.# #.#
............. #.# #.#
#####.....##.
#####.###.#######
#....##
#...............#
#.#.## #
#.###.###.#####.#
#####.#.#
##..#.###.###.#####.###
......#.#
#...$@@.<..............
#######
#..............####.##.
#...#####.####.# #.##.
#..! #.####.####.##.
..... #.##.....##.##.
###.. #.##.....##.##.
#...#####.........#.##.
#........###......#.##.
#........# #......#.##.


You could see Jessica (fast).

Vanquished Creatures
  2 worms (D:2)
  3 dart slugs
  4 bats
  3 endoplasms
  A giant cockroach (D:1)
  5 hobgoblins
  2 jackals (D:1)
  A quokka (D:2)
  3 ball pythons (D:2)
  A frilled lizard (D:2)
  A goblin (D:2)
  A kobold (D:1)
  4 rats
31 creatures vanquished.

Notes
Turn   | Place    | Note
-------+----------+-------------------------------------------
     0 | D:1      | qw the Minotaur Hexslinger began the quest for the Orb.
     0 | D:1      | Reached XP level 1. HP: 16/16 MP: 1/1
     0 | D:1      | 0 ||| qw: Version: 0.3-a-46-gb1f654a
     0 | D:1      | 0 ||| qw: Game counter: 1769
     0 | D:1      | 0 ||| qw: Melee chars always use a shield: true
     0 | D:1      | 0 ||| qw: God list: Okawaru
     0 | D:1      | 0 ||| qw: Allow faded altars: false
     0 | D:1      | 0 ||| qw: Do Orc after clearing Dungeon:15 true
     0 | D:1      | 0 ||| qw: Do second Lair branch before Depths: true
     0 | D:1      | 0 ||| qw: Lair rune preference: random
     0 | D:1      | 0 ||| qw: Goals: Normal
     0 | D:1      | 0 ||| PLANNING D:1-11
   129 | D:1      | Reached skill level 3 in Ranged Weapons
   134 | D:1      | Reached XP level 2. HP: 23/23 MP: 2/2
   515 | D:1      | 515 ||| UPGRADING to +0 ring mail.
   525 | D:1      | 525 ||| DROPPING +0 robe.
   526 | D:1      | 526 ||| READING scroll labelled QIEXUN XIGOCUL.
   527 | D:1      | 527 ||| READING scroll labelled GOAN KUFECZIAD.
   528 | D:1      | 528 ||| READING scroll labelled WOBRUICSOFI.
   529 | D:1      | 529 ||| DROPPING scroll of poison.
   566 | D:2      | Found a faded altar of an unknown god.
   621 | D:2      | Reached XP level 3. HP: 29/29 MP: 3/3
   865 | D:2      | Noticed Jessica
   873 | D:2      | 873 ||| FLEEEEING.
   881 | D:2      | 881 ||| STAIRDANCE
   976 | D:2      | HP: 7/29 [Jessica/+2 dagger of freezing (4)]
   976 | D:2      | Slain by Jessica

Levels and vault maps discovered:
D:1:      dpeg_arrival_round_a, layout_basic
D:2:      layout_loops_ring, shapermc_ecumenical_altar_mp_ritualfount,
          minmay_mini_jars, uniq_jessica

Skill      XL: |  1  2 |
---------------+-------+-----
Ranged Weapons | 3 |  3.9
Fighting       | 2 |  2.0
Dodging        | |  2.1
Spellcasting   | |  1.0
Hexes          | |  2.0

Action                     || total
---------------------------++-------
   Fire: Sling             ||    97
    Use: Scroll            ||     3
 Armour: Robe              ||     5
         Ring mail         ||     5
  Dodge: Dodged            ||    30

Table legend:
 A = Non-vault XP
 B = Vault XP
 C = Vault XP percentage of total XP
 D = Non-vault monster count
 E = Vault monster count
 F = Vault count percentage of total count
                 A         B        C        D         E       F
            +---------+---------+-------+---------+---------+-------
      Total |      59 |       3 |   4.8 |      29 |       2 |   6.5
            +---------+---------+-------+---------+---------+-------
        D:1 |      29 |       0 |   0.0 |      15 |       0 |   0.0
        D:2 |      30 |       3 |   9.1 |      14 |       2 |  12.5
            +---------+---------+-------+---------+---------+-------
